 Dungeon Crawl Stone Soup version 0.17-a0-1534-gf98da79 (webtiles) character file.

1201 George the Skirmisher (level 8, 0/73 HPs)
             Began as a Minotaur Fighter on July 17, 2015.
             Slain by FooOfBar's ghost (5 damage)
             ... on level 6 of the Dungeon.
             The game lasted 00:12:06 (5843 turns).

George the Skirmisher (Minotaur Fighter)            Turns: 5843, Time: 00:12:06

Health: 0/73       AC: 15    Str: 26    XL:     8   Next: 21%
Magic:  7/7        EV:  5    Int:  5    God:
Gold:   259        SH: 10    Dex: 12    Spells: 0 memorised, 7 levels left

rFire  + . .     SeeInvis .     a - +1 long sword
rCold  + . .     Clarity  .     w - +2 chain mail {rC+}
rNeg   . . .     SustAt   .     c - +1 shield
rPois  .         Gourm    +     (helmet restricted)
rElec  .         Spirit   .     (no cloak)
rCorr  .         Warding  .     n - +2 pair of gloves
rMut   .         Stasis   .     g - +0 pair of boots
MR     .....                    k - amulet of the gourmand
Stlth  ..........               E - ring of invisibility
                                y - ring of protection from fire

@: mighty, very heavily drained, not resistant to hostile enchantments,
extremely unstealthy
A: retaliatory headbutt, horns 2, regeneration 1
a: Evoke Invisibility


You were on level 6 of the Dungeon.
You were full.

You visited 2 branches of the dungeon, and saw 7 of its levels.
You also visited: Sewer.

You collected 259 gold pieces.

Inventory:

Hand weapons
 a - a +1 long sword (weapon)
Armour
 c - a +1 shield (worn)
 g - a +0 pair of boots (worn)
 n - a +2 pair of gloves (worn)
 w - a +2 chain mail of cold resistance (worn)
Jewellery
 k - an amulet of the gourmand (around neck)
 y - a ring of protection from fire (left hand)
 E - a ring of invisibility (right hand)
 J - an uncursed ring of fire
Magical devices
 t - a wand of teleportation (6)
 G - a wand of slowing (11)
Scrolls
 m - 2 scrolls of enchant armour
 o - a scroll of amnesia
 p - 2 scrolls of remove curse
 s - 2 scrolls of fog
 F - 4 scrolls of teleportation
 H - a scroll of enchant weapon
 L - a scroll of fear
Potions
 d - 2 potions of might
 v - 2 potions of curing
 x - a potion of flight {unknown}
 z - 2 potions of resistance {unknown}
 A - a potion of ambrosia {unknown}
 C - a potion of cancellation {unknown}
 I - a potion of invisibility {unknown}
 K - 2 potions of magic {unknown}
Comestibles
 e - 5 bread rations
 h - a slice of pizza
 u - a royal jelly
 B - 2 meat rations


   Skills:
 + Level 7.1(3.1) Fighting
 + Level 6.1(2.3) Long Blades
 + Level 6.9(2.9) Armour
 + Level 6.8(2.8) Shields


You had 7 spell levels left.
You didn't know any spells.

Dungeon Overview and Level Annotations

Branches:
Dungeon (6/15)             Temple (1/1) D:5

Altars:
Cheibriados
Dithmenos
Elyvilon
Fedhas
Kikubaaqudgha
Makhleb
Qazlal
Ru
Sif Muna
Trog
Vehumet
Xom
Zin
The Shining One

Annotations:
D:6 FooOfBar's ghost, experienced DrTm


Innate Abilities, Weirdness & Mutations

You reflexively headbutt those who attack you in melee.
You have a pair of horns on your head.
Your natural rate of healing is unusually fast.


Message History

You feel much better. FooOfBar's ghost completely misses you.
Your shield and chain mail prevent you from hitting FooOfBar's ghost.
Your headbutt misses FooOfBar's ghost.
FooOfBar's ghost is heavily damaged.
You block FooOfBar's ghost's attack.
You hit FooOfBar's ghost but do no damage.
Your headbutt misses FooOfBar's ghost.
FooOfBar's ghost is heavily damaged.
FooOfBar's ghost hits you!
You slash FooOfBar's ghost!
You headbutt FooOfBar's ghost, but do no damage.
FooOfBar's ghost is severely damaged.
FooOfBar's ghost breathes negative energy at you.
The bolt of negative energy hits you!
You feel drained.
* * * LOW HITPOINT WARNING * * *
You hit FooOfBar's ghost but do no damage.
FooOfBar's ghost is severely damaged.
FooOfBar's ghost hits you but does no damage.
FooOfBar's ghost hits you.
You die...

#......#.##.####
##...#.#..(....#
..## #.####.##.#
#.# #......##.#
#.#
#########.###
#.####### #...#
#.#.....# ###.#
###.#.....#
####.###
..........#
#.@W...#
....#.....#
#.##.#.#
...##.....#
#.#..#.#
.#.########
#.#.##.# .#>####
#.#.##.# <.....#
#......# .#.##.#
###.####
......##
#######.#
.......#
#.......#


You could see FooOfBar's ghost.

Vanquished Creatures
  Purgy (Sewer)
  2 sky beasts (D:5)
  2 ogres
  2 vampire bats (D:3)
  3 crimson imps
  A centaur skeleton (D:4)
  3 orc wizards (D:5)
  4 worker ants
  A hound zombie (D:5)
  A hound skeleton (D:4)
  15 adders
  8 gnolls
  A river rat (D:6)
  A shadow imp (D:4)
  2 oozes
  3 worms
  3 giant geckos
  8 orcs
  4 bat skeletons
  4 bat zombies (D:3)
  7 goblins
  11 hobgoblins
  3 quokkas
  10 ball pythons
  8 bats
  4 giant cockroaches
  10 giant newts
  6 jackals
  A jackal zombie (D:5)
  14 kobolds
  11 rats
154 creatures vanquished.

Notes
Turn   | Place    | Note
--------------------------------------------------------------
     0 | D:1      | George the Minotaur Fighter began the quest for the Orb.
     0 | D:1      | Reached XP level 1. HP: 19/19 MP: 0/0
   127 | D:1      | Reached XP level 2. HP: 27/27 MP: 1/1
   334 | D:1      | Reached skill level 4 in Armour
   881 | D:2      | Found a glowing golden altar of the Shining One.
   921 | D:2      | Found a sacrificial altar of Ru.
   989 | D:2      | Reached XP level 3. HP: 24/33 MP: 2/2
  1285 | D:2      | Reached XP level 4. HP: 32/41 MP: 3/3
  1777 | D:2      | Found a deep blue altar of Sif Muna.
  2252 | D:3      | Found a faded altar to an unknown god.
  2334 | D:3      | Reached XP level 5. HP: 47/47 MP: 4/4
  2533 | D:3      | Reached skill level 5 in Armour
  2625 | D:3      | Found an ancient bone altar of Kikubaaqudgha.
  2632 | D:3      | Reached skill level 5 in Fighting
  2632 | D:3      | Reached skill level 5 in Shields
  2642 | D:3      | Reached XP level 6. HP: 53/56 MP: 5/5
  3366 | D:4      | Reached XP level 7. HP: 62/62 MP: 6/6
  3761 | D:5      | Entered Level 5 of the Dungeon
  3781 | D:5      | Reached skill level 5 in Long Blades
  3809 | D:5      | Found a staircase to the Ecumenical Temple.
  3815 | Temple   | Entered the Ecumenical Temple
  3836 | D:5      | Reached skill level 6 in Fighting
  4157 | D:5      | Found a white marble altar of Elyvilon.
  4561 | D:5      | Gained mutation: Your natural rate of healing is unusually fast. [potion of beneficial mutation]
  5223 | D:5      | Reached XP level 8. HP: 61/71 MP: 7/7
  5334 | D:6      | Found a glowing drain.
  5372 | Sewer    | Entered a sewer
  5454 | Sewer    | Noticed Purgy
  5461 | Sewer    | Killed Purgy
  5461 | Sewer    | Reached skill level 7 in Fighting
  5645 | D:6      | Noticed FooOfBar's ghost (experienced DrTm)
  5843 | D:6      | Slain by FooOfBar's ghost

Vault maps used:
D:1:      lemuel_arrival_room, minmay_misc_feat_columns, grunt_decor_fettered,
          minmay_hedge_maze
D:2:      tso_oasis_becter, lemuel_blue_sif_altar,
          nicolae_ru_sacrificial_ziggurat, first_bread
D:3:      kennysheep_vampire_church, ecumenical_altar_1
D:5:      nicolae_overflow_hidden_temple, temple_statues,
          minmay_misc_feat_diagonals, kennysheep_nondescript
D:6:      kennysheep_mini, ashenzari_altar_1, portal_sewer_entry_a,
          serial_bayou_crossing
Temple:   nicolae_temple_no_exploring_needed
Sewer:    sewer_co_purgy_island

Action                   |  1- 3 |  4- 6 |  7- 9 || total
-------------------------+-------+-------+-------++-------
Melee: Long sword        |    93 |   205 |   241 ||   539
  Use: Scroll            |       |     7 |     6 ||    13
       Potion            |       |       |     4 ||     4
  Eat: Chunk             |     8 |     7 |     8 ||    23
